 Dungeon Crawl Stone Soup version 0.31-a0-691-g409c26aa35 (webtiles) character file.

Game seed: 8889054186633692704

1714 Shayle the Ogre Mage (level 9, -26/76 HPs)
             Began as an Ogre Shapeshifter on Sept 6, 2023.
             Annihilated by an ogre
             ... wielding a +0 giant club
              (31 damage)
             ... on level 5 of the Dungeon.
             The game lasted 00:17:08 (6007 turns).

Shayle the Ogre Mage (Ogre Shapeshifter)            Turns: 6007, Time: 00:17:13

Health: -26/76     AC:  3    Str: 20    XL:     9   Next: 4%
Magic:  13/19      EV:  9    Int: 15    God:
Gold:   137        SH:  0    Dex:  8    Spells: 16/22 levels left

rFire   . .          .
                       - Unarmed
rCold   . . .        (no shield)
rNeg    . . .        a - +0 animal skin
rPois   .            (helmet currently unavailable)
rElec   .            (cloak currently unavailable)
rCorr   .            (gloves unavailable)
SInv    .            (boots unavailable)
Will    .....        (no amulet)
Stlth   +            (no ring)
HPRegen 0.32/turn    (no ring)
MPRegen 0.16/turn

%: no passive effects
@: beast-form
A: beast (slay +2), large, unfitting armour, tough skin 1
a: Begin Untransformation


You were on level 5 of the Dungeon.
You were a hulking beast.
You visited 1 branch of the dungeon, and saw 5 of its levels.

You collected 189 gold pieces.
You spent 52 gold pieces at shops.

Inventory:

Hand Weapons
 b - a +2 vampiric short sword
Missiles
 p - 3 throwing nets
Armour
 a - a +0 animal skin (worn)
 h - a +0 cloak
Talismans
 c - a beast talisman (active)
 d - a flux talisman
Wands
 e - a wand of digging (7)
 n - a wand of flame (31)
Scrolls
 g - a scroll of vulnerability
 l - a scroll of fog
 q - a scroll of teleportation {unknown}
 s - a scroll of identify
Potions
 f - a potion of magic
 j - a potion of haste {unknown}
 m - a potion of brilliance {unknown}
 o - 2 potions of resistance
 r - a potion of heal wounds {unknown}
 t - a potion of cancellation


   Skills:
 - Level 1.3 Fighting
 - Level 1.7 Dodging
 - Level 4.2 Unarmed Combat
 + Level 7.0 Spellcasting
 - Level 3.0 Conjurations
 + Level 3.4 Ice Magic
 - Level 3.0 Air Magic
 - Level 3.0 Poison Magic
 - Level 4.4 Shapeshifting


You had 16 spell levels left.
You knew the following spells:

 Your Spells              Type           Power      Damage    Failure   Level
a - Frozen Ramparts       Ice            30%        1d5       10%         3
b - Mephitic Cloud        Conj/Pois/Air  14%        N/A       12%         3

Your spell library contained the following spells:

 Spells                   Type           Power      Damage    Failure   Level
 Poisonous Vapours        Pois/Air       28%        N/A       6%          2
 Freezing Cloud           Conj/Ice/Air   7%         6-21      69%         5
 Petrify                  Tmut/Erth      5%         N/A       78%         4
 Metabolic Englaciation   Hex/Ice        5%         N/A       87%         5
 Alistair's Intoxication  Tmut/Pois      6%         N/A       89%         5
 Borgnjor's Vile Clutch   Necr/Erth      2%         N/A       98%         5
 Eringya's Noxious Bog    Tmut/Pois      4%         4d6       100%        6


Dungeon Overview and Level Annotations

Branches:
Dungeon (5/15)
 Temple: D:4-7

Altars:
Dithmenos
Elyvilon
Xom
Yredelemnul

Shops:
D:2 [=!

Annotations:
D:5 Dowan, Duvessa


Innate Abilities, Weirdness & Mutations

You are a hulking beast.
Your limbs bulge with bestial killing power. (Slay +2)
You are too large for most types of armour.
You have tough skin. (AC +1)


Message History

The wall freezes the scorpion but does no damage.
The scorpion stings you.
* * * LOW HITPOINT WARNING * * *
Dowan mumbles some strange words.
Dowan blinks!
The wall freezes the ogre.
You barely miss Duvessa.
Duvessa is heavily wounded.
The wall freezes the worm.
The wall freezes the scorpion.
You kill the scorpion!
The wall freezes Duvessa but does no damage.
Duvessa closely misses you.
The wall freezes the ogre.
Your Spellcasting skill increases to level 7!
You feel better.
The wall freezes Duvessa but does no damage.
Duvessa says, "My weaknesses are his strengths!"
Duvessa hits you with a +0 short sword!
The wall freezes the ogre.
The ogre hits you with a +0 giant club!
* * * LOW HITPOINT WARNING * * *
The wall freezes the worm.
You kill the worm!
It was a potion of invisibility.
You fade into invisibility!
The wall freezes Duvessa but does no damage.
Duvessa hits you with a +0 short sword.
* * * LOW HITPOINT WARNING * * *
You hit the ogre.
The ogre is heavily wounded.
The wall freezes the ogre.
The ogre closely misses you.
The wall freezes Duvessa but does no damage.
Duvessa hits you with a +0 short sword.
* * * LOW HITPOINT WARNING * * *
The wall freezes the black bear.
It was a potion of cancellation.
Your magical effects are unravelling.
You feel magically purged.
Your magical contamination has completely faded away.
The frozen ramparts melt away.
You flicker back into view.
The ogre hits you with a +0 giant club!!
You die...

...........#
...........#
...........# ##
...........# #.
)..........# #.
...........# #.
...........######
#.
...........sh)O.#
#<
...........####h#
##########.
...../.....# #e#
#.......##.
.5?........# #.#
#..........
...........# #.e
#.[........
........# ##.
#..........
........# #.
#.........$
......W #
#.......e..
#..ee......
#.......##.


You could see Duvessa, a black bear, an ogre, Dowan and a scorpion.

Vanquished Creatures
  Pikel (D:3)
  Sigmund (D:5)
  Menkaure (D:4)
  2 black bears (D:5)
  A lemure (D:3)
  3 phantoms
  2 scorpions
  A hound (D:4)
  An orc priest (D:3)
  A jelly (D:4)
  A sleepcap (D:5)
  Jessica (D:3)
  An iguana (D:4)
  An orc wizard (D:3)
  6 gnolls
  3 adders
  A white imp (D:5)
  An ufetubus (D:5)
  3 worms
  A dart slug (D:1)
  6 orcs
  5 ball pythons
  3 bats
  3 endoplasms
  3 giant cockroaches
  4 goblins
  5 hobgoblins
  7 jackals
  5 quokkas
  3 frilled lizards
  10 kobolds
  3 rats
90 creatures vanquished.

Vanquished Creatures (collateral kills)
  An ogre (D:5)
1 creature vanquished.

Grand Total: 91 creatures vanquished

Notes
Turn   | Place    | Note
-------+----------+-------------------------------------------
     0 | D:1      | Shayle the Ogre Shapeshifter began the quest for the Orb.
     0 | D:1      | Reached XP level 1. HP: 19/19 MP: 1/1
   162 | D:1      | Reached XP level 2. HP: 25/27 MP: 1/3
   215 | D:1      | Reached skill level 1 in Spellcasting
  1062 | D:2      | Reached XP level 3. HP: 31/33 MP: 5/5
  1347 | D:2      | Found Tuyrikh's Distillery.
  1355 | D:2      | Bought a potion of curing for 39 gold pieces
  1355 | D:2      | Bought a potion of degeneration for 13 gold pieces
  1531 | D:3      | Found a shadowy altar of Dithmenos.
  1839 | D:3      | Noticed Jessica
  1851 | D:3      | Killed Jessica
  1852 | D:3      | Reached skill level 2 in Spellcasting
  1852 | D:3      | Reached XP level 4. HP: 25/41 MP: 5/7
  2078 | D:2      | Found Hess's Armour Boutique.
  2277 | D:2      | Found Exilasm's Jewellery Boutique.
  2740 | D:3      | Learned a level 3 spell: Frozen Ramparts
  2812 | D:4      | Noticed Pikel
  2824 | D:3      | Reached XP level 5. HP: 12/48 MP: 7/9
  3100 | D:4      | Noticed a lemure
  3100 | D:4      | Noticed a lemure
  3100 | D:4      | Noticed a lemure
  3101 | D:4      | Noticed a lemure
  3124 | D:3      | Killed a lemure
  3386 | D:4      | Noticed a phantom
  3413 | D:3      | Reached skill level 3 in Spellcasting
  3575 | D:3      | Killed a phantom
  3576 | D:3      | Reached XP level 6. HP: 25/55 MP: 9/11
  3917 | D:4      | Found a shimmering altar of Xom.
  4092 | D:3      | Learned a level 3 spell: Mephitic Cloud
  4389 | D:3      | Killed Pikel
  4390 | D:3      | Reached skill level 4 in Spellcasting
  4390 | D:3      | Reached XP level 7. HP: 62/62 MP: 11/14
  4390 | D:3      | Reached XP level 8. HP: 70/70 MP: 11/15
  4522 | D:3      | Reached skill level 5 in Spellcasting
  4892 | D:4      | Noticed Menkaure
  4909 | D:4      | Killed Menkaure
  5067 | D:4      | Found a white marble altar of Elyvilon.
  5129 | D:4      | Found a basalt altar of Yredelemnul.
  5187 | D:5      | Entered Level 5 of the Dungeon
  5202 | D:5      | HP: 4/105 [black bear (3)]
  5521 | D:5      | Noticed Sigmund
  5521 | D:5      | Noticed Dowan
  5525 | D:5      | Noticed Duvessa
  5563 | D:4      | Reached skill level 1 in Ice Magic
  5975 | D:5      | Reached skill level 6 in Spellcasting
  5989 | D:5      | Killed Sigmund
  5997 | D:5      | Reached XP level 9. HP: 34/76 MP: 17/19
  6004 | D:5      | Reached skill level 7 in Spellcasting
  6007 | D:5      | Annihilated by an ogre

Illustrated notes

Levels and vault maps discovered:
D:1:      spicycebolla_green_bress_n_ham, layout_basic, kennysheep_crisscross
D:2:      layout_basic, serial_shops, shop, shop, shop
D:3:      layout_basic, nicolae_dithmenos_through_a_glass_darkly, uniq_jessica
D:4:      layout_cave_pools, kennysheep_ying_yang, kennysheep_mini,
          uniq_menkaure, uniq_pikel
D:5:      layout_basic, mainiacjoe_overflow_alcove_1, uniq_sigmund, uniq_duvessa

Skill      XL: |  1  2  3  4  5  6  7  8  9 |
---------------+----------------------------+-----
Spellcasting   | 1 2 3 4 6 7 |  7.0
Unarmed Combat | 3 4 |  4.2
Shapeshifting  | 4 |  4.4
Conjurations   | 2 3 |  3.0
Air Magic      | 2 3 |  3.0
Poison Magic   | 2 3 |  3.0
Ice Magic      | 3 |  3.4
Fighting       | |  1.3
Dodging        | |  1.7

Action                     |  1- 3 |  4- 6 |  7- 9 || total
---------------------------+-------+-------+-------++-------
  Melee: Unarmed           |   111 |   171 |   101 ||   383
         Punch             |       |     2 |     3 ||     5
         Short sword       |       |       |    13 ||    13
   Cast: Mephitic Cloud    |       |       |     3 ||     3
         Frozen Ramparts   |       |       |     2 ||     2
    Use: Potion            |     1 |     4 |     9 ||    14
         Scroll            |       |     4 |       ||     4
   Stab: Confused          |       |       |     1 ||     1
 Armour: Animal skin       |    69 |   137 |   102 ||   308
         Skin              |       |    22 |     3 ||    25
  Dodge: Dodged            |    48 |    70 |    55 ||   173

Table legend: (Time is in decaauts)
 A = Elapsed time spent in this place.
 B = Non-inter-level travel time spent in this place.
 C = Inter-level travel time spent in this place.
 D = Time resting spent in this place.
 E = Time spent auto-exploring this place.
 F = Levels seen in this place.
 G = Mean time per level.
                   A        B        C        D        E       F      G
               +--------+--------+--------+--------+--------+-----+--------+
         Total |   5987 |   5663 |    324 |   2124 |   2340 |   5 | 1197.4 |
       Dungeon |   5987 |   5663 |    324 |   2124 |   2340 |   5 | 1197.4 |
               +--------+--------+--------+--------+--------+-----+--------+

Top non-repeatable levels by time:
     D:3: 2112 daAuts
     D:4: 1451 daAuts
     D:2: 1011 daAuts
     D:1: 939 daAuts
     D:5: 471 daAuts
